 Dungeon Crawl Stone Soup version 0.31-a0-631-g285b096dc4 (webtiles) character file.

Game seed: 7879107708908927833

131 Newt the Trooper (level 5, -4/35 HPs)
             Began as a Gargoyle Fighter on Aug 25, 2023.
             Killed by divine providence
             ... invoked by an orc priest
              (12 damage)
             ... on level 3 of the Dungeon.
             The game lasted 00:03:20 (2191 turns).

Newt the Trooper (Gargoyle Fighter)                 Turns: 2191, Time: 00:03:22

Health: -4/35      AC: 10    Str: 22    XL:     5   Next: 14%
Magic:  5/5        EV:  9    Int:  8    God:
Gold:   206        SH:  0    Dex:  9    Spells: 4/4 levels left

rFire   . . .        j - +0 sling (elec)
rCold   . . .        c - +0 buckler
rNeg    + . .        b - +0 scale mail
rPois   ∞            (no helmet)
rElec   +            (no cloak)
rCorr   .            (no gloves)
SInv    .            (no boots)
Will    .....        (no amulet) Stlth
                     (no ring)
HPRegen 0.25/turn    (no ring)
MPRegen 0.09/turn

%: no passive effects
@: confused
A: sickness immunity, AC +4, negative energy resistance 1, electricity
resistance, torment resistance 1, petrification resistance
a: no special abilities


You were on level 3 of the Dungeon.
You visited 1 branch of the dungeon, and saw 3 of its levels.

You collected 206 gold pieces.

Inventory:

Hand Weapons
 a - a +0 flail
 j - a +0 sling of electrocution (weapon)
Armour
 b - a +0 scale mail (worn)
 c - a +0 buckler (worn)
Wands
 n - a wand of charming (9)
Scrolls
 g - 2 scrolls of teleportation
 k - a scroll of fear
 l - a scroll of amnesia
Potions
 d - 2 potions of might
 e - 2 potions of berserk rage {unknown}
 f - a potion of enlightenment
 i - a potion of lignification {unknown}
 o - a potion of haste {unknown}


   Skills:
 - Level 5.0 Fighting
 - Level 2.0 Maces & Flails
 - Level 3.0 Ranged Weapons
 + Level 3.4 Armour
 - Level 3.2 Shields


You had 4 spell levels left.
You didn't know any spells.
Your spell library contained the following spells:

 Spells                   Type           Power      Damage    Failure   Level
 Sting                    Tmut/Pois      0%         1d3       80%         1
 Gell's Gravitas          Tloc           0%         N/A       99%         3
 Teleport Other           Tloc           0%         N/A       99%         3
 Petrify                  Tmut/Erth      0%         N/A       100%        4
 Dispersal                Tloc           0%         N/A       100%        6
 Leda's Unmaking          Conj/Erth      0%         9d1       100%        6


Dungeon Overview and Level Annotations

Branches:
Dungeon (3/15)

Altars:

Annotations:
D:3 Ijyb


Innate Abilities, Weirdness & Mutations

You are immune to sickness and miasma.
Your stone body is resilient. (AC +4)
You are immune to poison.
You resist negative energy. (rN+)
You are resistant to electric shocks. (rElec)
You are resistant to unholy torment.
You are immune to petrification.


Message History

Beogh smites you! Ijyb hits you with a +0 dagger.
Ijyb zaps a wand.
Your will is overpowered!
You are more confused.
The orc priest looks braver for a moment.
You shoot a sling bullet. The endoplasm jiggles.
Ijyb barely misses you.
You shoot a sling bullet.
Ijyb zaps a wand.
You resist with some effort. Ijyb hits you but does no damage.
Unknown command.
You shoot a sling bullet.
Ijyb zaps a wand.
Your will is overpowered!
You are more confused.
You shoot a sling bullet. Ijyb barely misses you.
Ijyb zaps a wand.
Your will is overpowered!
You are more confused.
You shoot a sling bullet. Ijyb hits you but does no damage.
You shoot a sling bullet. Ijyb hits you but does no damage.
You shoot a sling bullet. Ijyb hits you but does no damage.
The orc priest calls down the wrath of Beogh upon you.
Beogh smites you!
* * * LOW HITPOINT WARNING * * *
Ijyb hits you but does no damage.
You are too injured to fight recklessly!
You are too injured to fight recklessly!
Ijyb zaps a wand.
You resist with some effort.
You bump into the rock wall.
Ijyb zaps a wand.
You resist with some effort.
The orc priest miscasts a cantrip.
Ijyb zaps a wand.
Your will is overpowered!
You are more confused.
You bump into the rock wall.
You bump into the rock wall.
You bump into the rock wall.
Ijyb misses you.
Unknown command.
Unknown command.
Unknown command.
You miss Ijyb.
Ijyb is severely wounded.
Ijyb hits you but does no damage. Ijyb hits you with a +0 dagger.
* * * LOW HITPOINT WARNING * * *
The orc priest invokes the aid of Beogh against you.
Beogh smites you!
You die...

#S# #.# #o#
#J#
##'#######
#..†.....#
####S.......#
#.gJo.......#
#@###########
#........
#########


You could see Ijyb, an orc priest, an adder and an endoplasm.

Vanquished Creatures
  3 gnolls (D:2)
  2 adders (D:2)
  A worm (D:2)
  4 dart slugs
  2 orcs (D:3)
  7 bats
  5 endoplasms
  2 giant cockroaches (D:2)
  16 goblins
  8 hobgoblins (D:2)
  2 quokkas
  A ball python (D:1)
  3 frilled lizards
  2 kobolds (D:1)
  7 rats
65 creatures vanquished.

Vanquished Creatures (others)
  A gnoll (D:2)
1 creature vanquished.

Grand Total: 66 creatures vanquished

Notes
Turn   | Place    | Note
-------+----------+-------------------------------------------
     0 | D:1      | Newt the Gargoyle Fighter began the quest for the Orb.
     0 | D:1      | Reached XP level 1. HP: 14/14 MP: 1/1
    55 | D:1      | Got the Atlas of Ashen Pestilence
   347 | D:1      | Reached XP level 2. HP: 20/20 MP: 2/2
   352 | D:1      | Reached skill level 4 in Fighting
   799 | D:1      | Reached XP level 3. HP: 24/24 MP: 3/3
  1069 | D:2      | Reached skill level 5 in Fighting
  1131 | D:2      | Reached skill level 1 in Ranged Weapons
  1136 | D:2      | Reached XP level 4. HP: 31/31 MP: 4/4
  1744 | D:2      | Reached XP level 5. HP: 22/35 MP: 5/5
  2136 | D:3      | Found a faded altar of an unknown god.
  2142 | D:3      | Noticed Ijyb
  2191 | D:3      | Killed from afar by an orc priest

Illustrated notes

Levels and vault maps discovered:
D:1:      scummos_arrival_simple_crosswalls, layout_basic,
          hangedman_feature_mirror
D:2:      cheibrodos_greedy_goblins, layout_loops_ring
D:3:      layout_basic, hellmonk_ecumenical_altar_lost_god, st_stairs_14,
          mrwooster_statue_mirror, uniq_ijyb

Skill      XL: |  1  2  3  4  5 |
---------------+----------------+-----
Fighting       | 4 5 |  5.0
Ranged Weapons | 1 2 3 |  3.0
Maces & Flails | |  2.0
Armour         | |  3.4
Shields        | |  3.2

Action                     |  1- 3 |  4- 6 || total
---------------------------+-------+-------++-------
  Melee: Flail             |    32 |       ||    32
         Sling             |       |     1 ||     1
   Fire: Sling             |    98 |   139 ||   237
  Evoke: Wand              |       |     1 ||     1
    Use: Scroll            |       |     7 ||     7
         Potion            |       |     1 ||     1
 Armour: Scale mail        |    71 |    67 ||   138
  Dodge: Dodged            |    71 |    72 ||   143
  Block: Buckler           |    35 |    34 ||    69

Table legend: (Time is in decaauts)
 A = Elapsed time spent in this place.
 B = Non-inter-level travel time spent in this place.
 C = Inter-level travel time spent in this place.
 D = Time resting spent in this place.
 E = Time spent auto-exploring this place.
 F = Levels seen in this place.
 G = Mean time per level.
                   A        B        C        D        E       F      G
               +--------+--------+--------+--------+--------+-----+--------+
         Total |   2319 |   2242 |     77 |    412 |   1283 |   3 |  773.0 |
       Dungeon |   2319 |   2242 |     77 |    412 |   1283 |   3 |  773.0 |
               +--------+--------+--------+--------+--------+-----+--------+

Top non-repeatable levels by time:
     D:2: 1204 daAuts
     D:1: 1002 daAuts
     D:3: 112 daAuts
